 Dungeon Crawl Stone Soup version 0.30-a0-691-g754fce4c43 (webtiles) character file.

Game seed: 15051309633224186779

31 kae the Insei (level 3, 0/26 HPs)
             Began as a Demonspawn Transmuter on Jan 19, 2023.
             Succumbed to a kobold's poison
             ... on level 2 of the Dungeon.
             The game lasted 00:01:07 (1364 turns).

kae the Insei (Demonspawn Transmuter)               Turns: 1364, Time: 00:01:07

Health: 0/26       AC:  2    Str: 10    XL:     3   Next: 7%
Magic:  5/6        EV: 12    Int: 16    God:
Gold:   83         SH:  0    Dex: 13    Spells: 0/6 levels left

rFire   . . .      SeeInvis .      - Unarmed
rCold   . . .      Faith    .    (no shield)
rNeg    . . .      Spirit   .    a - +0 robe
rPois   .          Reflect  .    (helmet currently unavailable)
rElec   .          Harm     .    (no cloak)
rCorr   .          Rampage  .    (no gloves)
Will    .....                    (boots currently unavailable)
Stlth   +                        (no amulet)
HPRegen 0.24/turn                (no ring)
MPRegen 0.10/turn                (no ring)

@: lethally poisoned (0 -> -20), appendages
A: talons 2, horns 1
a: End Transformation


You were on level 2 of the Dungeon.
You had temporarily grown beastly talons.
You visited 1 branch of the dungeon, and saw 2 of its levels.

You collected 83 gold pieces.


Innate Abilities, Weirdness & Mutations

You have temporarily grown beastly talons.
You have a pair of small horns on your head.


   Skills:
 - Level 1.0 Fighting
 - Level 1.7 Dodging
 + Level 3.0 Unarmed Combat
 + Level 2.3 Spellcasting
 * Level 2.6 Transmutations


You couldn't memorise any spells.
You knew the following spells:

 Your Spells              Type           Power      Damage    Failure   Level
a - Beastly Appendage     Tmut           20%        N/A       7%          1
b - Wereblood             Tmut           10%        N/A       11%         2
c - Spider Form           Tmut/Pois      6%         N/A       34%         3

Your spell library contained the following spells:

 Spells                   Type           Power      Damage    Failure   Level
 Kiss of Death            Conj/Necr      4%         2d5       21%         1
 Confusing Touch          Hex            1%         N/A       52%         3
 Ice Form                 Ice/Tmut       6%         N/A       75%         4
 Dispel Undead            Necr           1%         3d6       89%         4

Inventory:

Missiles
 c - 18 stones
 d - 5 poisoned darts
Armour
 a - a +0 robe (worn)
Jewellery
 A - an amulet of the acrobat
   (You found it on level 2 of the Dungeon)
Scrolls
 e - 2 scrolls of identify {@r1}
 g - a scroll of fog {unknown}
Potions
 b - a potion of lignification {!q}
 f - 2 potions of haste {@q3}

Dungeon Overview and Level Annotations

Branches:
Dungeon (2/15) Zot: 10640

Altars:
Nemelex Xobeh

### #.. .#.# #.#
...# #.# #..# #.#
#..# #S# #..# #.#
#..# #@# ####..#
#.# #.....######
#.# #....†.....#
#.# #.########.##
#.# #.# #.... #.#
#.# #..## #.# #.#
#..#
#.####.#######..#
#.....#.........#


You could see a ball python.


Message History

Things that are here:
a +0 dagger; 4 stones You hit the quokka.
You claw the quokka. You headbutt the quokka.
You kill the quokka!
You have reached level 3!
Your experience leads to an increase in your attributes!
Increase (S)trength, (I)ntelligence, or (D)exterity?
You feel clever. x2 😕 HP[+4]
You now have 26 max hp (+5).
You regained 4 hp, and now have 24/26 hp.
This spell is extremely dangerous to cast!
Memorise Spider Form, consuming 3 spell levels and leaving 0?
You start memorising the spell.
You continue memorising. x3
You finish memorising.
Spell assigned to 'c'. 😕 HP[+1]
Okay, then.
Okay, then.
Okay, then.
c - 18 stones (gained 4)
You see here a +0 dagger.
Your transformation is almost over.
A - an amulet of the acrobat 😎 HP[+1] MP[+1]
Your hp is fully restored (26).
Your talons disappear.
g - a scroll labelled VIRHI NI LOACH 😎 MP[+1]
Your mp is fully restored (6).
A hobgoblin comes into view.
The hobgoblin shouts!
A hobgoblin is nearby!
A hobgoblin is nearby!
Casting: Beastly Appendage (safe; 7% risk of failure)
Confirm with . or Enter, or press ? or * to list all spells.
Your feet morph into talons. 😎 MP[-1]
You lost 1 mp, and now have 5/6 mp.
The hobgoblin closely misses you.
You hit the hobgoblin. Your kick misses the hobgoblin.
A hobgoblin is nearby!
You closely miss the hobgoblin. You claw the hobgoblin.
You kill the hobgoblin!
No target in view!
You see here a hobgoblin corpse.
Your transformation is almost over.
Your talons disappear.
A ball python and a kobold come into view.
The kobold is wielding a +0 dagger of venom.
The kobold shouts! 😎 MP[+1]
Your mp is fully restored (6).
There are monsters nearby!
There are monsters nearby!
There are monsters nearby!
Casting: Beastly Appendage (safe; 7% risk of failure)
Confirm with . or Enter, or press ? or * to list all spells.
Your feet morph into talons.
The kobold hits you but does no damage.
You are poisoned. 😎 MP[-1]
You lost 1 mp, and now have 5/6 mp.
There are monsters nearby!
You barely miss the kobold. You headbutt the kobold.
You feel sick. The kobold hits you but does no damage.
You are more poisoned.
You closely miss the kobold.
You feel sick.
The kobold hits you with a +0 dagger of venom. 😮 HP[-8]
You take 8 damage, and now have 18/26 hp.
MASSIVE DAMAGE!! (PAUSE)
You barely miss the kobold.
You feel very sick. The kobold hits you but does no damage.
You are more poisoned. 😮 HP[-3]
You take 3 damage, and now have 15/26 hp.
You are too injured to fight recklessly!
You are too injured to fight recklessly!
You barely miss the kobold. Your headbutt misses the kobold.
* * * LOW HITPOINT WARNING * * *
You feel very sick.
The kobold hits you with a +0 dagger of venom.
* * * LOW HITPOINT WARNING * * *
You are more poisoned. 😨 HP[-6]
You take 6 damage, and now have 9/26 hp.
MASSIVE DAMAGE!! (PAUSE)
Okay, then.
There is a lethal amount of poison in your body!
You barely miss the kobold. You claw the kobold.
You kill the kobold!
* * * LOW HITPOINT WARNING * * *
You feel very sick. 😱 HP[-4]
You take 4 damage, and now have 5/26 hp.
Unknown command.
The ball python attacks as you move away!
The ball python closely misses you. x2
You die...

Skill      XL: |  1  2 |
---------------+-------+-----
Transmutations | 2 |  2.6
Unarmed Combat | 3 |  3.0
Fighting       | |  1.0
Dodging        | |  1.7
Spellcasting   | |  2.3

Action                   || total
-------------------------++-------
Melee: Unarmed           ||    59
       Kick              ||    12
       Headbutt          ||    11
       Punch             ||     2
 Cast: Beastly Appendage ||    15
  Use: Scroll            ||     2
Armor: Robe              ||    14
Dodge: Dodged            ||    40

Levels and vault maps discovered:
D:1:      dpeg_arrival_lava_temple_mockup, layout_basic
D:2:      layout_loops_ring, basic_altar, uniq_terence

Notes
Turn   | Place    | Note
-------+----------+-------------------------------------------
     0 | D:1      | kae the Demonspawn Transmuter began the quest for the Orb.
     0 | D:1      | Reached XP level 1. HP: 15/15 MP: 3/3
     0 | D:1      | magus.rc [v1.11.3]
    39 | D:1      | You pick up a book of Touch and begin reading...
    39 | D:1      | You add the spells Kiss of Death, Confusing Touch and
                  | Dispel Undead to your library.
   187 | D:1      | Reached skill level 2 in Transmutations
   633 | D:1      | Mutation became permanent: You have a pair of small horns
                  | on your head. [demonic ancestry]
   633 | D:1      | Gained mutation: You have a pair of horns on your head.
                  | [demonic ancestry]
   633 | D:1      | Reached XP level 2. HP: 21/21 MP: 1/5
   954 | D:2      | Found a sparkling altar of Nemelex Xobeh.
   981 | D:2      | Learned a level 2 spell: Wereblood
  1213 | D:2      | Reached skill level 3 in Unarmed Combat
  1298 | D:2      | Reached XP level 3. HP: 24/26 MP: 4/6
  1302 | D:2      | Learned a level 3 spell: Spider Form
  1363 | D:2      | HP: 5/26 [poisoned by a kobold]
  1364 | D:2      | Succumbed to a kobold's poison

Vanquished Creatures
  A dart slug (D:1)
  A ball python (D:1)
  3 bats
  2 endoplasms
  A giant cockroach (D:2)
  3 goblins
  A hobgoblin (D:2)
  4 jackals (D:2)
  3 quokkas (D:2)
  A frilled lizard (D:1)
  4 kobolds (D:2)
24 creatures vanquished.

Table legend:
 A = Non-vault XP
 B = Vault XP
 C = Vault XP percentage of total XP
 D = Non-vault monster count
 E = Vault monster count
 F = Vault count percentage of total count
                 A         B        C        D         E       F
            +---------+---------+-------+---------+---------+-------
      Total |      45 |       0 |   0.0 |      24 |       0 |   0.0
            +---------+---------+-------+---------+---------+-------
        D:1 |      14 |       0 |   0.0 |       7 |       0 |   0.0
        D:2 |      31 |       0 |   0.0 |      17 |       0 |   0.0
            +---------+---------+-------+---------+---------+-------

Illustrated notes

Table legend:
 A = Kills in this place as a percentage of kills in entire the game.
 B = Kills by you in this place as a percentage of kills by you in the entire game.
 C = Kills by friends in this place as a percentage of kills by friends in the entire game.
 D = Other kills in this place as a percentage of other kills in the entire game.
 E = Experience gained in this place as a percentage of experience gained in the entire game.
 F = Experience gained in this place divided by the number of levels of this place that you have seen.
                   A       B       C       D       E      F
               +-------+-------+-------+-------+-------+----------------------
         Total | 100.0 | 100.0 |   N/A |   N/A | 100.0 |  22.5
       Dungeon | 100.0 | 100.0 |   N/A |   N/A | 100.0 |  22.5
               +-------+-------+-------+-------+-------+----------------------

Table legend: (Time is in decaauts)
 A = Elapsed time spent in this place.
 B = Non-inter-level travel time spent in this place.
 C = Inter-level travel time spent in this place.
 D = Time resting spent in this place.
 E = Time spent auto-exploring this place.
 F = Levels seen in this place.
 G = Mean time per level.
                   A        B        C        D        E       F      G
               +--------+--------+--------+--------+--------+-----+--------+
         Total |   1360 |   1331 |     29 |      0 |   1156 |   2 |  680.0 |
       Dungeon |   1360 |   1331 |     29 |      0 |   1156 |   2 |  680.0 |
               +--------+--------+--------+--------+--------+-----+--------+

Top non-repeatable levels by time:
     D:1: 948 daAuts
     D:2: 411 daAuts
